 Dungeon Crawl Stone Soup version 0.27-a0-1565-gad902ab807 (webtiles) character file.

Game seed: 3482567758288303689

128 ezpacito the Skirmisher (level 4, -12/36 HPs)
             Began as a Demonspawn Berserker on July 16, 2021.
             Was an Initiate of Makhleb.
             Mangled by an ogre (16 damage)
             ... on level 3 of the Dungeon.
             The game lasted 00:04:13 (3472 turns).

ezpacito the Skirmisher (Demonspawn Berserker)      Turns: 3472, Time: 00:04:14

Health: -12/36     AC:  7    Str: 18    XL:     4   Next: 87%
Magic:  4/4        EV: 11    Int:  8    God:    Makhleb [......]
Gold:   94         SH:  0    Dex: 13    Spells: 3/3 levels left

rFire    . . .     SeeInvis .   a - +0 hand axe
rCold    . . .     Faith    .   (no shield)
rNeg     . . .     Spirit   .   b - +1 ring mail {rPois}
rPois    +         Reflect  .   e - +0 helmet
rElec    .         Harm     .   (no cloak)
rCorr    +         Rampage  .   (no gloves)
Will     .....                  (no boots)
Stlth    +.........             (no amulet)
HPRegen  0.12/turn              m - ring of resist corrosion
MPRegen  0.09/turn              (no ring)

@: no status effects
A: demonic magic 2
a: Renounce Religion


You were on level 3 of the Dungeon.
You worshipped Makhleb.
Makhleb was noncommittal.
You visited 2 branches of the dungeon, and saw 5 of its levels.

You collected 94 gold pieces.

Inventory:

Hand Weapons
 a - a +0 hand axe (weapon)
Missiles
 f - 7 boomerangs (quivered)
 h - a throwing net
Armour
 b - a +1 ring mail of poison resistance (worn)
 e - a +0 helmet (worn)
Jewellery
 i - a ring of ice
 m - a ring of resist corrosion (left hand)
Scrolls
 g - a scroll of fear
 j - a scroll of noise {unknown}
 k - a scroll of magic mapping {unknown}
 l - a scroll of amnesia {unknown}
Potions
 c - a potion of flight
 d - 3 potions of lignification
 n - a potion of heal wounds {unknown}


   Skills:
 + Level 3.6 Fighting
 + Level 3.6 Axes
 + Level 2.4 Armour
 + Level 2.9 Dodging
 + Level 0.4 Stealth


You had 3 spell levels left.
You didn't know any spells.
Your spell library was empty.

Dungeon Overview and Level Annotations

Branches:
Dungeon (4/15)             Temple (1/1) D:4

Altars:
Ashenzari
Dithmenos
Elyvilon
Fedhas
Makhleb
Nemelex Xobeh
Okawaru
Qazlal
Ru
Sif Muna
Trog
Uskayaw
Vehumet
Yredelemnul
Zin
The Shining One


Innate Abilities, Weirdness & Mutations

Spells you cast may paralyse nearby enemies.


Message History

No target in view!
No target in view!
No target in view!
No target in view!
No target in view!
No target in view!
No target in view!
No target in view!
No target in view!
No target in view!
No target in view!
There is a burning altar of Makhleb here.
You kneel at the altar of Makhleb.
You have lost your religion!
Trog does not appreciate desertion!
Makhleb welcomes you!
Found a viscous green potion.
Found a chain mail.
n - a viscous green potion
There is a stone staircase leading up here.
An ogre comes into view. It is wielding a +0 giant club.
The ogre shouts!
Okay, then.
Okay, then.
Okay, then.
You hit the ogre.
The ogre is lightly wounded.
The ogre barely misses you.
You barely miss the ogre.
The ogre is lightly wounded.
The ogre hits you with a +0 giant club!
You hit the ogre.
The ogre is lightly wounded.
The ogre hits you with a +0 giant club!!
Ouch! That really hurt!
* * * LOW HITPOINT WARNING * * *
You barely miss the ogre.
The ogre is lightly wounded.
The ogre hits you with a +0 giant club!
You die...

##################
#.........@O.....#
#.##############.#
#.# #.# ##### #.#
....# #.##########
###.# #....#_.#._#
.##.###.####...§§#
..........###.≈.##


You could see an ogre.

Vanquished Creatures
  A water moccasin skeleton (D:4)
  3 adders
  A worm (D:3)
  2 dart slugs
  2 endoplasms
  A giant cockroach (D:1)
  A goblin (D:3)
  7 hobgoblins
  4 jackals (D:1)
  A quokka (D:4)
  8 ball pythons
  5 bats
  3 frilled lizards (D:1)
  3 kobolds
  8 rats
50 creatures vanquished.

Vanquished Creatures (others)
  12 plants (D:1)
12 creatures vanquished.

Grand Total: 62 creatures vanquished

Notes
Turn   | Place    | Note
-------+----------+-------------------------------------------
     0 | D:1      | ezpacito the Demonspawn Berserker began the quest for the
                  | Orb.
     0 | D:1      | Reached XP level 1. HP: 18/18 MP: 1/1
   448 | D:1      | Gained mutation: Spells you cast may paralyse adjacent
                  | enemies. [demonic ancestry]
   448 | D:1      | Reached XP level 2. HP: 17/24 MP: 2/2
   725 | D:1      | Found a faded altar of an unknown god.
   830 | D:1      | Reached ** piety under Trog
  1171 | D:2      | Gained mutation: Spells you cast may paralyse nearby
                  | enemies. [demonic ancestry]
  1171 | D:2      | Reached XP level 3. HP: 27/29 MP: 3/3
  1472 | D:2      | You fall into a shaft and drop 2 floors!
  1495 | D:4      | Reached XP level 4. HP: 26/35 MP: 4/4
  1770 | D:4      | Found an iron altar of Okawaru.
  1939 | D:4      | Found a staircase to the Ecumenical Temple.
  2107 | D:3      | Found a stormy altar of Qazlal.
  2191 | Temple   | Entered the Ecumenical Temple
  2888 | D:3      | Found a radiant altar of Vehumet.
  3289 | D:3      | Found a burning altar of Makhleb.
  3290 | D:3      | Found a basalt altar of Yredelemnul.
  3291 | D:3      | Found a blossoming altar of Fedhas.
  3291 | D:3      | Found a shimmering blue altar of Sif Muna.
  3300 | D:3      | Fell from the grace of Trog
  3300 | D:3      | Became a worshipper of Makhleb the Destroyer
  3465 | D:3      | Noticed an ogre
  3472 | D:3      | Mangled by an ogre

Illustrated notes

Levels and vault maps discovered:
D:1:      co_arrival_random_square_maze, layout_loops_ring,
          ebering_ecumenical_altar_rust, serial_bayou_lagoon_a,
          grunt_decor_arrowhead
D:2:      layout_basic, patterned_corridor
D:3:      layout_loops_ring, nicolae_overflow_hidden_temple,
          mainiacjoe_overflow_alcove_3, nicolae_vehumet_altar_sigil
D:4:      layout_basic, kennysheep_okawaru_gauntlet, temple_hall_moat,
          serial_bayou_pond_c
Temple:   compressed_dpeg_triangle_lava_temple

Skill      XL: |  1  2 |
---------------+-------+-----
Dodging        | 2 |  2.9
Axes           | 3 |  3.6
Armour         | 2 |  2.4
Fighting       | |  3.6
Stealth        | |  0.4

Action                   |  1- 3 |  4- 6 || total
-------------------------+-------+-------++-------
Melee: Hand axe          |   135 |    48 ||   183
  Use: Scroll            |     4 |       ||     4
Armor: Ring mail         |    80 |    11 ||    91
Dodge: Dodged            |    92 |    27 ||   119

Table legend: (Time is in decaauts)
 A = Elapsed time spent in this place.
 B = Non-inter-level travel time spent in this place.
 C = Inter-level travel time spent in this place.
 D = Time resting spent in this place.
 E = Time spent auto-exploring this place.
 F = Levels seen in this place.
 G = Mean time per level.
                   A        B        C        D        E       F      G
               +--------+--------+--------+--------+--------+-----+--------+
         Total |   3509 |   3337 |    172 |    232 |   2641 |   5 |  701.8 |
       Dungeon |   3209 |   3037 |    172 |    232 |   2348 |   4 |  802.2 |
        Temple |    299 |    299 |      0 |      0 |    293 |   1 |  299.0 |
               +--------+--------+--------+--------+--------+-----+--------+

Top non-repeatable levels by time:
     D:1: 1180 daAuts
     D:4: 1054 daAuts
     D:3: 659 daAuts
     D:2: 315 daAuts
  Temple: 299 daAuts
